 Dungeon Sprint DCSS version 0.28.0-43-g3370ac3207 (webtiles) character file.

Game seed: 13095156912088904521

1233 boopmooplesden the Cleaver (level 8, -4/129 HPs)
             Began as a Minotaur Berserker on Mar 15, 2022.
             Was a Priest of Trog.
             Slain by a centaur warrior (10 damage)
             ... in the Dungeon (Sprint I: "Red Sonja").
             The game lasted 00:01:13 (334 turns).

boopmooplesden the Cleaver (Minotaur Berserker)      Turns: 334, Time: 00:01:13

Health: -4/129     AC:  3    Str: 22    XL:     8   Next: 24%
Magic:  7/7        EV: 14    Int:  4    God:    Trog [***...]
Gold:   414        SH:  0    Dex: 12    Spells: 7/7 levels left

rFire   . . .      SeeInvis .   a - +0 hand axe
rCold   . . .      Faith    .   (no shield)
rNeg    . . .      Spirit   .   j - +0 leather armour
rPois   .          Reflect  .   (helmet restricted)
rElec   .          Harm     .   (no cloak)
rCorr   .          Rampage  .   (no gloves)
Will    .....      NoTele   +   (no boots)
Stlth   ..........              (no amulet)
HPRegen 0.31/turn               (no ring)
MPRegen 0.10/turn               (no ring)

@: berserking, very quick
A: horns 2, retaliatory headbutt
a: Renounce Religion, Berserk, Trog's Hand


You were in the Dungeon.
You worshipped Trog.
Trog was most pleased with you.
You visited 1 branch You collected 414 gold pieces.

Inventory:

Hand Weapons
 a - a +0 hand axe (weapon)
Armour
 b - a +0 animal skin
 j - a +0 leather armour (worn)
Wands
 i - a wand of polymorph (6)
Scrolls
 h - a scroll of blinking
Potions
 c - a potion of curing
 d - a potion of heal wounds
 e - a potion of haste
 f - 2 potions of magic
 g - a potion of berserk rage


   Skills:
 + Level 13.2 Fighting
 + Level 14.5 Axes
 + Level 7.1 Armour
 + Level 7.3 Dodging
 + Level 0.1 Stealth
 + Level 1.8 Unarmed Combat


You had 7 spell levels left.
You didn't know any spells.
Your spell library was empty.

Dungeon Overview and Level Annotations

Branches:
Dungeon (1/1)

Altars:
Cheibriados
Dithmenos
Elyvilon
Fedhas
Gozag
Hepliaklqana
Kikubaaqudgha
Makhleb
Nemelex Xobeh
Okawaru
Qazlal
Ru
Sif Muna
Trog
Uskayaw
Vehumet
Wu Jian
Xom
Yredelemnul
Zin
The Shining One
Jiyva
Lugonu

Shops:
D :


Innate Abilities, Weirdness & Mutations

You have a pair of horns on your head.
You reflexively headbutt those who attack you in melee.


Message History

You headbutt the centaur warrior, but do no damage.
The centaur warrior barely misses you.
The centaur warrior shoots an arrow.
The arrow hits you! The centaur warrior barely misses you.
You furiously retaliate!
You headbutt the centaur warrior, but do no damage.
The centaur warrior kicks you.
A red film seems to cover your vision as you go berserk!
You feel yourself moving faster!
You feel mighty!
You can no longer call in reinforcements.
The centaur warrior hits you! The centaur warrior kicks you.
You closely miss the centaur warrior. You hit the centaur warrior.
The centaur warrior unwields a +0 shortbow.
The centaur warrior closely misses you. You furiously retaliate!
You headbutt the centaur warrior!!
The centaur warrior kicks you but does no damage.
The centaur warrior hits you!
The centaur warrior kicks you but does no damage.
Your unstable footing causes you to fumble your attack.
Your unstable footing causes you to fumble your attack.
The centaur warrior hits you. The centaur warrior kicks you.
The centaur warrior hits you!
* * * LOW HITPOINT WARNING * * *
The centaur warrior kicks you but does no damage.
Your unstable footing causes you to fumble your attack.
The centaur warrior hits you!
* * * LOW HITPOINT WARNING * * *
The centaur warrior kicks you but does no damage.
Your unstable footing causes you to fumble your attack.
The centaur warrior hits you!
* * * LOW HITPOINT WARNING * * *
The centaur warrior kicks you.
* * * LOW HITPOINT WARNING * * *
The centaur warrior hits you but does no damage.
The centaur warrior misses you.
You see here 17 gold pieces.
You slash the centaur warrior!
You headbutt the centaur warrior, but do no damage.
The centaur warrior is moderately wounded.
You slash the centaur warrior! The centaur warrior hits you!
You die...

#######################
#..'..#..'..#__#..'.).#
)..#.)').#..'..'..#)..#
#####'#####'#__####§..+
## #..#...#(####@$#####
#__####..##.#≈§cc.#
#_____##'#_.§§§§§§+
#_.∩...'..._#≈§§§§#
#_..__##_.#'##+####
#_____ ##+#(# ######
###


You could see 2 centaur warriors.

Vanquished Creatures
  2 kobold demonologists (D)
  A slime creature (D)
  Sigmund (D)
  A yak (D)
  A floating eye (D)
  An ogre (D)
  A jelly (D)
  Ijyb (D)
9 creatures vanquished.

Notes
Turn   | Place    | Note
-------+----------+-------------------------------------------
     0 | D        | boopmooplesden the Minotaur Berserker began the quest for
                  | the Orb.
     0 | D        | Reached XP level 1. HP: 19/19 MP: 0/0
     1 | D        | Noticed Ijyb
     6 | D        | Killed Ijyb
     7 | D        | Reached skill level 5 in Fighting
     7 | D        | Reached skill level 5 in Axes
     7 | D        | Reached XP level 2. HP: 29/29 MP: 1/1
    37 | D        | Noticed an ogre
    41 | D        | Killed an ogre
    42 | D        | Reached skill level 7 in Axes
    42 | D        | Reached skill level 1 in Unarmed Combat
    42 | D        | Reached XP level 3. HP: 40/40 MP: 2/2
    42 | D        | Reached XP level 4. HP: 48/48 MP: 3/3
    75 | D        | Noticed Sigmund
    80 | D        | Killed Sigmund
    80 | D        | Reached ** piety under Trog
    81 | D        | Reached skill level 10 in Axes
    81 | D        | Reached skill level 5 in Armour
    81 | D        | Reached XP level 5. HP: 58/58 MP: 4/4
    81 | D        | Reached XP level 6. HP: 66/66 MP: 5/5
   114 | D        | Found a burning altar of Makhleb.
   114 | D        | Found a viscous altar of Jiyva.
   114 | D        | Found a shimmering altar of Xom.
   114 | D        | Found a corrupted altar of Lugonu.
   114 | D        | Noticed a slime creature
   120 | D        | Killed a slime creature
   121 | D        | Reached skill level 11 in Axes
   121 | D        | Reached skill level 5 in Dodging
   235 | D        | Noticed a kobold demonologist
   236 | D        | Noticed a kobold demonologist
   236 | D        | Noticed a floating eye
   239 | D        | Killed a floating eye
   240 | D        | Reached skill level 12 in Axes
   240 | D        | Reached XP level 7. HP: 74/74 MP: 6/6
   242 | D        | Killed a kobold demonologist
   242 | D        | Reached *** piety under Trog
   243 | D        | Reached skill level 13 in Axes
   243 | D        | Noticed a sixfirhy
   246 | D        | Killed a kobold demonologist
   247 | D        | Reached skill level 14 in Axes
   247 | D        | Reached XP level 8. HP: 85/85 MP: 7/7
   276 | D        | Found an ornate altar of the Wu Jian Council.
   276 | D        | Found a shimmering blue altar of Sif Muna.
   278 | D        | Found a radiant altar of Vehumet.
   305 | D        | Found Aragiumneh's Book Emporium.
   305 | D        | Found an ancient bone altar of Kikubaaqudgha.
   305 | D        | Found a hazy altar of Hepliaklqana.
   305 | D        | Found a hide-covered altar of Uskayaw.
   305 | D        | Found a basalt altar of Yredelemnul.
   305 | D        | Found an opulent altar of Gozag.
   305 | D        | Found a snail-covered altar of Cheibriados.
   305 | D        | Found a sacrificial altar of Ru.
   305 | D        | Found a shadowy altar of Dithmenos.
   314 | D        | Reached **** piety under Trog
   315 | D        | Found a stormy altar of Qazlal.
   315 | D        | Found a blossoming altar of Fedhas.
   315 | D        | Found a bloodstained altar of Trog.
   315 | D        | Found an iron altar of Okawaru.
   315 | D        | Found a glowing golden altar of the Shining One.
   315 | D        | Found a glowing silver altar of Zin.
   315 | D        | Found a white marble altar of Elyvilon.
   316 | D        | Found a sparkling altar of Nemelex Xobeh.
   323 | D        | Noticed a centaur warrior
   323 | D        | Noticed a centaur warrior
   332 | D        | HP: 5/129 [centaur warrior (2)]
   334 | D        | Slain by a centaur warrior

Illustrated notes

Levels and vault maps discovered:
D:        dungeon_sprint_1 [red_sonja_temple_1, red_sonja_temple_small_1]

Skill      XL: |  1  2  3  4  5  6  7  8 |
---------------+-------------------------+-----
Fighting       | 5 7 9 11 12 13 | 13.2
Axes           | 5 7 10 12 14 | 14.5
Armour         | 3 4 5 6 7 |  7.1
Dodging        | 3 4 6 7 |  7.3
Unarmed Combat | 1 |  1.8
Stealth        | |  0.1

Action                   |  1- 3 |  4- 6 |  7- 9 || total
-------------------------+-------+-------+-------++-------
Melee: Hand axe          |     5 |    10 |    23 ||    38
       Unarmed           |     2 |       |       ||     2
       Headbutt          |       |     3 |     8 ||    11
       Punch             |       |     1 |       ||     1
Invok: Berserk           |     2 |     3 |     1 ||     6
Armor: Skin              |     1 |       |       ||     1
       Leather armour    |       |       |     6 ||     6
Dodge: Dodged            |     2 |     1 |    10 ||    13
